 Dungeon Crawl Stone Soup version 0.31-a0-986-g5e6e4ef867 (webtiles) character file.

Game seed: 1873216561265198542

90 sammy202020 the Covered (level 4, 0/31 HPs)
             Began as a Gargoyle Fighter on Nov 24, 2023.
             Slain by a hobgoblin (3 damage)
             ... led by Robin
             ... on level 3 of the Dungeon.
             The game lasted 00:03:40 (1704 turns).

sammy202020 the Covered (Gargoyle Fighter)          Turns: 1704, Time: 00:03:41

Health: 0/31       AC: 10    Str: 18 (19) XL:     4   Next: 56%
Magic:  4/4        EV:  9    Int: 13 (14) God:
Gold:   160        SH:  4    Dex:  7 (8)  Spells: 3/3 levels left

rFire   + . .        a - +0 flail
rCold   . . .        c - +0 buckler
rNeg    + . .        b - +0 scale mail
rPois   ∞            (no helmet)
rElec   +            (no cloak)
rCorr   .            (no gloves)
SInv    .            (no boots)
Will    .....        (no amulet) Stlth
                     (no ring)
HPRegen 0.25/turn    (no ring)
MPRegen 0.09/turn

%: no passive effects
@: no status effects
A: sickness immunity, AC +3, negative energy resistance 1, electricity
resistance, torment resistance 1, petrification resistance, clever 1, fire
resistance 1, robust 1
a: no special abilities


You were on level 3 of the Dungeon.
You visited 1 branch of the dungeon, and saw 3 of its levels.

You collected 160 gold pieces.

Inventory:

Hand Weapons
 a - a +0 flail (weapon)
Armour
 b - a +0 scale mail (worn)
 c - a +0 buckler (worn)
Jewellery
 l - a ring of wizardry
Scrolls
 f - 2 scrolls of identify
 m - a scroll of teleportation
Potions
 d - a potion of might


   Skills:
 * Level 3.9 Fighting
 * Level 2.7 Maces & Flails
 * Level 4.0 Armour
 + Level 0.7 Dodging
 * Level 3.9 Shields


You had 3 spell levels left.
You didn't know any spells.
Your spell library was empty.

Dungeon Overview and Level Annotations

Branches:
Dungeon (3/15)

Altars:


Innate Abilities, Weirdness & Mutations

You are immune to sickness and miasma.
Your stone body is resilient. (AC +3)
You are immune to poison.
You resist negative energy. (rN+)
You are resistant to electric shocks. (rElec)
You are resistant to unholy torment.
You are immune to petrification.
Your mind is acute. (Int +4, Str/Dex -1)
Your flesh is heat resistant. (rF+)
You are robust. (+10% HP)


Message History

Robin roars a battlecry!
The hobgoblin goes into a battle-frenzy!
The goblin hits you but does no damage.
You sock the goblin!
You kill the goblin!
The hobgoblin no longer looks unusually strong.
The hobgoblin hits you but does no damage.
The hobgoblin barely misses you.
You bludgeon the hobgoblin!!
You kill the hobgoblin!
Robin throws the goblin at you! You block the goblin's attack.
You feel your strength returning.
You thump Robin!
Robin is heavily wounded.
The goblin hits you but does no damage. Robin hits you but does no damage.
Unknown command.
You sock the goblin!
You kill the goblin!
Robin hits you with a +0 mace.
* * * LOW HITPOINT WARNING * * *
You barely miss Robin.
Robin is heavily wounded.
You feel a little less mighty now. You block Robin's attack.
You barely miss Robin.
Robin is heavily wounded.
Robin closely misses you. Robin barely misses you.
You closely miss Robin.
Robin is heavily wounded.
Robin closely misses you.
You hit Robin.
Robin is almost dead.
You block Robin's attack.
You hit Robin.
You kill Robin!
The hobgoblin hits you but does no damage.
You barely miss the hobgoblin.
The hobgoblin hits you but does no damage.
You closely miss the hobgoblin. The hobgoblin hits you.
You die...

. #. ##.## #....
#....#####
#..(.[...#
.#.)......#########
.........og@)......
#........#########
#....$)......#
####.........# #
###......g#..##
#............
#.......#.###
#...........
####.##....##


You could see an orc and a hobgoblin (strong).

Vanquished Creatures
  Robin (D:3)
  2 adders (D:2)
  2 orcs (D:3)
  2 ball pythons (D:1)
  4 bats
  3 endoplasms
  A giant cockroach (D:2)
  18 goblins
  4 hobgoblins
  3 jackals (D:1)
  A quokka (D:2)
  6 kobolds
  5 rats
52 creatures vanquished.

Notes
Turn   | Place    | Note
-------+----------+-------------------------------------------
     0 | D:1      | sammy202020 the Gargoyle Fighter began the quest for the
                  | Orb.
     0 | D:1      | Reached XP level 1. HP: 14/14 MP: 1/1
   176 | D:1      | Reached XP level 2. HP: 19/19 MP: 2/2
  1069 | D:2      | Reached XP level 3. HP: 23/23 MP: 3/3
  1497 | D:2      | Reached XP level 4. HP: 29/29 MP: 4/4
  1624 | D:2      | Gained mutation: You are robust. (+10% HP) [potion of
                  | mutation]
  1624 | D:2      | Gained mutation: Your flesh is heat resistant. (rF+)
                  | [potion of mutation]
  1624 | D:2      | Gained mutation: Your mind is acute. (Int +4, Str/Dex -1)
                  | [potion of mutation]
  1655 | D:3      | Noticed Robin
  1680 | D:3      | Reached skill level 4 in Armour
  1697 | D:3      | HP: 1/31 [Robin/+0 mace (5)]
  1702 | D:3      | Killed Robin
  1704 | D:3      | Slain by a hobgoblin

Illustrated notes

Levels and vault maps discovered:
D:1:      dreamdust_arrival_sigmund_warning, layout_loops_cross, minmay_ruptured
D:2:      layout_basic, minmay_nonomino_d4
D:3:      layout_basic, nicolae_gozag_cash_rules_everything_around_me,
          chequers_ecumenical_altar_island, uniq_sigmund, uniq_natasha,
          uniq_robin

Skill      XL: |  1  2  3  4 |
---------------+-------------+-----
Armour         | 4 |  4.0
Fighting       | |  3.9
Maces & Flails | |  2.7
Dodging        | |  0.7
Shields        | |  3.9

Action                     |  1- 3 |  4- 6 || total
---------------------------+-------+-------++-------
  Melee: Flail             |   131 |    40 ||   171
    Use: Scroll            |     5 |     2 ||     7
         Potion            |     2 |     3 ||     5
 Armour: Scale mail        |   120 |    61 ||   181
  Dodge: Dodged            |    79 |    28 ||   107
  Block: Buckler           |    20 |    18 ||    38

Table legend: (Time is in decaauts)
 A = Elapsed time spent in this place.
 B = Non-inter-level travel time spent in this place.
 C = Inter-level travel time spent in this place.
 D = Time resting spent in this place.
 E = Time spent auto-exploring this place.
 F = Levels seen in this place.
 G = Mean time per level.
                   A        B        C        D        E       F      G
               +--------+--------+--------+--------+--------+-----+--------+
         Total |   1757 |   1757 |      0 |    411 |    914 |   3 |  585.7 |
       Dungeon |   1757 |   1757 |      0 |    411 |    914 |   3 |  585.7 |
               +--------+--------+--------+--------+--------+-----+--------+

Top non-repeatable levels by time:
     D:1: 1075 daAuts
     D:2: 622 daAuts
     D:3: 59 daAuts
